 Dungeon Crawl Stone Soup version 0.19.1 (webtiles) character file.

1127263 TheForgottenOwl the Conqueror (level 27, -6/265 (273) HPs)
             Began as a Minotaur Fighter on Dec 19, 2016.
             Was the Champion of the Shining One.
             Killed from afar by a Hell Sentinel (48 damage)
             ... with an iron shot
             ... on level 7 of the Iron City of Dis on Dec 20, 2016.
             The game lasted 05:54:27 (121032 turns).

TheForgottenOwl the Conqueror (Minotaur Fighter)  Turns: 121032, Time: 05:54:27

HP:   -6/265 (273)  AC: 46    Str: 24    XL:     27
MP:   48/48         EV: 26    Int: 13    God:    the Shining One [******]
Gold: 12900         SH: 40    Dex: 27    Spells: 5 memorised, 6 levels left

rFire  + + +     SeeInvis .     i - +12 scimitar "Kikacul" {holy, rF+ rC+ rN+}
rCold  + + .     Gourm    +     w - +11 crystal plate armour
rNeg   + + +     Faith    .     j - +2 shield of Resistance {rF+ rC+ MR+}
rPois  +         Spirit   .     C - +2 hat {MR+}
rElec  +         Reflect  .     R - +1 cloak of the Blizzard {rC+}
rCorr  .         Harm     .     t - +0 pair of gloves "Cupof" {MR+ Int+4 Slay+2}
MR     +++++     Rnd*Rage +     q - +2 pair of boots "Ykkoc" {rElec Regen+ Slay+3 Stlth-}
Stlth  ..........               b - amulet of Pucwiqam {Gourm rPois rC- MR+ Int+6}
                                G - ring of Onukla {rPois MP+9 Int-2 Dex+7 Slay+3}
                                v - ring "Kulyeph" {Wiz rF+ Dex+2}

@: exhausted, divine shield, non-regenerating, mildly diseased, slowed, glowing,
very slow
A: retaliatory headbutt, horns 2, berserk 3, deformed body, deterioration 1,
weak 1, subdued magic 3, MP-powered wands
a: Divine Shield, Cleansing Flame, Summon Divine Warrior, Brand Weapon With Holy
Wrath, Renounce Religion
}: 8/15 runes: decaying, serpentine, silver, golden, obsidian, icy, bone,
abyssal


You were on level 7 of the Iron City of Dis.
You worshipped the Shining One.
The Shining One was exalted by your worship.
You were completely stuffed.

You visited 17 branches of the dungeon, and saw 85 of its levels.
You visited the Abyss 4 times.

You collected 14492 gold pieces.
You spent 1592 gold pieces at shops.

Inventory:

Hand Weapons
 i - the +12 scimitar "Kikacul" (weapon) {holy, rF+ rC+ rN+}
   (You found it on level 5 of the Depths)

   It has been blessed by the Shining One to cause great damage to the undead
   and demons.
   It protects you from fire.
   It protects you from cold.
   It protects you from negative energy.
 X - the +8 autumn katana {slice, Clar}
   (You found it on level 4 of the Depths)

   It inflicts extra damage upon your enemies.
   It protects you against confusion.
Armour
 a - a +0 pair of boots of flying
 j - the +2 shield of Resistance (worn) {rF+ rC+ MR+}
   (You found it on level 12 of the Dungeon)

   It protects you from fire.
   It protects you from cold.
   It affects your resistance to hostile enchantments.
 q - the +2 pair of boots "Ykkoc" (worn) {rElec Regen+ Slay+3 Stlth-}
   (You found it on level 4 of the Dungeon)

   It affects your accuracy and damage with ranged weapons and melee attacks
   (+3).
   It insulates you from electricity.
   It increases your rate of regeneration.
   It makes you less stealthy.
 t - the +0 pair of gloves "Cupof" (worn) {MR+ Int+4 Slay+2}
   (You took it off Nikola on level 1 of the Snake Pit)

   It affects your intelligence (+4).
   It affects your accuracy and damage with ranged weapons and melee attacks
   (+2).
   It affects your resistance to hostile enchantments.
 w - a +11 crystal plate armour (worn)
 C - a +2 hat of magic resistance (worn)
 L - a +0 pair of boots of running
 M - a +1 cloak of poison resistance
 R - the +1 cloak of the Blizzard (worn) {rC+}
   (Okawaru gifted it to you on level 3 of the Depths)

   It protects you from cold.
Rods
 B - a -1 rod of shadows (14/14)
   (You found it on level 7 of the Iron City of Dis)
Jewellery
 b - the amulet of Pucwiqam (around neck) {Gourm rPois rC- MR+ Int+6}
   (You found it on level 3 of the Abyss)

   [amulet of the gourmand]

   It allows you to eat raw meat even when not hungry.
   It affects your intelligence (+6).
   It makes you vulnerable to cold.
   It protects you from poison.
   It affects your resistance to hostile enchantments.
 c - the amulet of Yxes {RegenMP rPois rC+ Int+4}
   (You took it off a fire giant on level 3 of the Depths)

   [amulet of magic regeneration]

   It increases your magic regeneration.
   It affects your intelligence (+4).
   It protects you from cold.
   It protects you from poison.
 h - the ring of the Madman {Fire Int-2 Dex+3}
   (You found it on level 7 of Tartarus)

   [ring of fire]

   It enhances your fire magic.
   It affects your intelligence (-2).
   It affects your dexterity (+3).
   It protects you from fire.
   It makes you vulnerable to cold.
 m - the amulet of Afomm {-Tele +Rage rElec rC++ Dex+9}
   (You acquired it on level 1 of the Depths)

   [amulet of rage]

   It affects your dexterity (+9).
   It greatly protects you from cold.
   It insulates you from electricity.
   It lets you go berserk.
   It prevents most forms of teleportation.
 o - an uncursed ring of resist corrosion
 r - the amulet "Ulea" {Harm *Drain +Fly rN+ SInv}
   (You took it off a vault sentinel on level 4 of the Vaults)

   [amulet of harm]

   It increases damage dealt and taken.
   It protects you from negative energy.
   It lets you see invisible.
   It lets you fly.
   It causes draining when unequipped.
 v - the ring "Kulyeph" (left hand) {Wiz rF+ Dex+2}
   (You took it off an ogre mage on level 2 of the Vaults)

   [ring of wizardry]

   It improves your spell success rate.
   It affects your dexterity (+2).
   It protects you from fire.
 G - the ring of Onukla (right hand) {rPois MP+9 Int-2 Dex+7 Slay+3}
   (You found it on level 3 of the Tomb of the Ancients)

   [ring of magical power]

   It affects your intelligence (-2).
   It affects your dexterity (+7).
   It affects your accuracy and damage with ranged weapons and melee attacks
   (+3).
   It protects you from poison.
   It affects your magic capacity (+9).
 V - the ring of the Mage {Wiz MR++ Int+3}
   (You took it off a deep elf death mage on level 4 of the Depths)

   [ring of wizardry]

   It improves your spell success rate.
   It affects your intelligence (+3).
   It affects your resistance to hostile enchantments.
Wands
 D - a wand of heal wounds (3/9)
 O - a wand of heal wounds (7/9)
 Q - a wand of teleportation (4/9)
 T - a wand of heal wounds (1/9)
Scrolls
 e - 6 scrolls of fear
 g - 3 scrolls of holy word
 l - 5 scrolls of recharging
 s - 20 scrolls of remove curse
 y - 12 scrolls of magic mapping
 H - 2 scrolls of summoning
 I - 4 scrolls of silence
 P - 2 scrolls of blinking
 W - 2 scrolls of fog
 Y - 3 scrolls of teleportation
Potions
 k - 5 potions of haste
 p - 4 potions of flight
 x - 15 potions of lignification
 z - 4 potions of agility
 A - a potion of magic
 E - 3 potions of cancellation
 F - a potion of beneficial mutation
 U - 27 potions of curing
Books
 u - a book of Beasts

   Spells                             Type                      Level
   a - Summon Butterflies             Summoning                    1
   b - Call Canine Familiar           Summoning                    3
   c - Summon Ice Beast               Ice/Summoning                4
   d - Summon Mana Viper              Hexes/Summoning              5
   e - Summon Hydra                   Summoning                    7
 J - Cebraxko's Incunabulum of Twisted Creation
   (You found it on level 7 of the Iron City of Dis)

   Spells                             Type                      Level
   a - Call Canine Familiar           Summoning                    3
   b - Summon Lightning Spire         Summoning/Air                4
   c - Dispersal                      Translocation                6
   d - Spellforged Servitor           Conjuration/Summoning        7
Comestibles
 d - 10 fruits
 f - 23 bread rations
 n - 7 beef jerkies


   Skills:
 O Level 27 Fighting
 O Level 27 Long Blades
 O Level 27 Armour
 O Level 27 Dodging
 O Level 27 Shields
 + Level 23.6 Translocations
 O Level 27 Invocations


You had 6 spell levels left.
You knew the following spells:

 Your Spells              Type           Power        Failure   Level  Hunger
a - Repel Missiles        Chrm/Air       #.....       93%         2    ###....
b - Swiftness             Chrm/Air       #.......     93%         2    ###....
c - Controlled Blink      Tloc           N/A          45%         8    #######
d - Deflect Missiles      Chrm/Air       #.........   100%        6    #######
e - Blink                 Tloc           N/A          0%          2    ###....


Dungeon Overview and Level Annotations

Branches:
Dungeon (15/15)            Temple (1/1) D:4            Lair (6/6) D:10
  Swamp (4/4) Lair:3        Snake (4/4) Lair:3        Slime (5/5) Lair:6
    Orc (2/2) D:10            Elf (3/3) Orc:2        Vaults (5/5) D:14
  Crypt (3/3) Vaults:3       Tomb (3/3) Crypt:3      Depths (5/5) D:15
   Hell (1/1)                 Dis (7/7) Hell            Geh (7/7) Hell
    Coc (7/7) Hell            Tar (7/7) Hell            Zot (0/5) Depths:5

Altars:
Ashenzari
Cheibriados
Dithmenos
Elyvilon
Fedhas
Gozag
Hepliaklqana
Kikubaaqudgha
Makhleb
Nemelex Xobeh
Okawaru
Qazlal
Ru
Sif Muna
Trog
Uskayaw
Vehumet
Xom
Yredelemnul
Zin
The Shining One
Jiyva

Shops:
D:9 (*%(?   Orc:1 ?   Orc:2 :([!   Elf:1 *!%}*   Elf:3 :   Vaults:1 ?*!}(
Vaults:3 :   Vaults:4 =

Portals:
Hell: Depths:1 Depths:2 Depths:3 Depths:4 Depths:5
Abyss: Depths:2 Depths:4
Pandemonium: Depths:3
Ziggurat: Depths:5

Annotations:
D:12 1 runed door
Slime:5 Royal Jelly


Innate Abilities, Weirdness & Mutations

You reflexively headbutt those who attack you in melee.
You have a pair of horns on your head.
You have an uncontrollable temper.
Armour fits poorly on your strangely shaped body.
Your body sometimes deteriorates upon taking damage.
You are weak. (Str -2)
Your spells are much easier to cast, but much less powerful.
You expend magic power (3 MP) to strengthen your wands.


Message History

You feel yourself slow down.
Unknown command.
Unknown command.
You block the Ice Fiend's attack. x2; The Hell Sentinel barely misses you.
You riposte.
You slash the Hell Sentinel!
The Hell Sentinel convulses.
You headbutt the Hell Sentinel.
The Hell Sentinel is heavily wounded.
You block the Hell Sentinel's attack.
The Ice Fiend calls on the powers of darkness!
Your body is wracked with pain!
* * * LOW HITPOINT WARNING * * *
A Brimstone Fiend comes into view.
You completely miss the Ice Fiend. You headbutt the Ice Fiend.
The Ice Fiend is lightly wounded.
The Brimstone Fiend calls on the powers of darkness!
Your body is wracked with pain!
* * * LOW HITPOINT WARNING * * *
The Hell Sentinel gestures at you. The iron shot hits you!
You die...

#)[#..'..#..'...).#)#.....#
#).'..#..'..####'####.....#
################.##.)))...#
#................###......#
'................##..)....#
################'###......#
# #..##.......# #
#.1###......# #
#.@##.......# #1.###......#
#'###.......# #. ##......#
1. #.......# .4. ##......#
... #.......# #..#
##......# #.......#


You could see a Hell Sentinel, a Brimstone Fiend, an Ice Fiend and a rust devil.

Vanquished Creatures
  Asmodeus (Geh:7)
  Ereshkigal (Tar:7)
  the Serpent of Hell (Dis:7)
  Mennas (Crypt:3)
  5 ancient liches
  4 juggernauts
  21 greater mummies
  Sojobo (Vaults:3)
  14 shard shrikes
  the Lernaean hydra (Swamp:3)
  Xtahua (Depths:5)
  The ghost of ZlagarX the Gracecrafter, a veteran DrSk of Okawaru (Vaults:4)
  3 golden dragons
  Vashnia (Snake:4)
  2 caustic shrikes
  2 profane servitors
  Nikola (Snake:1)
  Geryon (Hell)
  Jory (Vaults:2)
  29 bone dragons
  41 Tzitzimimeh
  11 iron giants
  3 hellephants
  14 doom hounds
  21 Brimstone Fiends
  Jorgrun (Depths:4)
  8 tentacled monstrosities
  18 Ice Fiends
  10 Hell Sentinels
  20 liches
  7 deep elf master archers
  3 quicksilver dragons
  13 titans
  6 Executioners
  44 tentacled starspawn
  14 sphinxes
  A thorn hunter (Swamp:3)
  15 ancient champions
  13 deep elf blademasters
  18 acid blobs
  Gastronok (Lair:1)
  9 eldritch tentacles
  Agnes (Elf:2)
  8 tengu reavers
  5 storm dragons
  4 revenants
  13 shadow dragons
  10 nagarajas
  3 daevas
  12 iron dragons
  An azure jelly (shapeshifter) (Depths:5)
  6 azure jellies
  11 vault wardens
  9 deep elf sorcerers
  27 fire giants
  A ghost moth (Abyss:3)
  17 frost giants
  14 balrugs
  2 caustic shrike zombies
  8 cacodemons
  A draconian scorcher (Abyss:2)
  Louise (Depths:4)
  4 curse skulls
  Aizul (Swamp:4)
  A draconian knight (Depths:4)
  2 draconian shifters (Depths:5)
  11 ghouls
  12 deep elf elementalists
  12 ironheart preservers
  A caustic shrike skeleton (Crypt:3)
  90 reapers
  An angel (Abyss:3)
  4 elemental wellsprings
  49 stone giants
  An ophan (Abyss:4)
  6 spriggan defenders
  14 war gargoyles
  39 very ugly things
  3 entropy weavers
  Nessos (D:14)
  5 deep elf demonologists (Elf:3)
  12 vampire knights
  2 bennus (Tomb:1)
  2 green draconians
  7 dire elephants
  A yellow draconian (Abyss:3)
  5 lorocyprocas
  5 deep elf annihilators
  2 purple draconians (Depths:5)
  A white draconian (Crypt:3)
  A mottled draconian (Abyss:4)
  2 black draconians
  A crystal guardian (Vaults:4)
  2 spark wasps
  11 quicksilver dragon zombies
  9 green deaths
  5 deep elf death magi
  Snorg (D:10)
  8 fire dragons
  3 death oozes
  23 blizzard demons
  10 eidola
  A merfolk impaler (Abyss:4)
  19 ettins
  25 mummy priests
  29 yaktaur captains
  A minotaur (Depths:4)
  17 great orbs of eyes
  8 deep elf high priests
  16 jiangshi
  Harold (Lair:3)
  29 vault guards
  2 kraken zombies
  17 naga warriors
  4 hell beasts
  8 quicksilver dragon skeletons
  40 ice dragons
  5 anacondas
  8 centaur warriors
  6 ghost crabs
  5 spriggan air magi
  4 death knights
  21 hydras
  12 rakshasas
  A hell hog (shapeshifter) (Abyss:2)
  7 alligators
  8 deep troll shamans
  28 dancing weapons
  36 death scarabs
  2 alligators (shapeshifter)
  6 death yaks
  38 hell hogs
  17 vampire magi
  21 ogre magi
  8 deep troll earth magi
  6 shock serpents
  7 spriggan berserkers
  71 thrashing horrors
  6 tengu warriors
  11 naga sharpshooters
  8 titan zombies
  20 soul eaters
  29 deep elf knights
  18 sun demons
  51 wretched stars
  10 spriggans
  89 small abominations
  An iron golem (Dis:1)
  9 storm dragon zombies
  A hellephant skeleton (Crypt:3)
  18 sixfirhies
  218 skeletal warriors
  17 spatial maelstroms
  2 iron trolls (Depths:5)
  48 hell knights
  20 shadow wraiths
  6 death drakes
  A deep troll (shapeshifter) (D:15)
  22 anaconda zombies
  4 quicksilver dragon simulacra
  34 deep trolls
  13 unseen horrors
  2 sea snakes (shapeshifter)
  A death drake (shapeshifter) (Vaults:5)
  3 ghost moth zombies
  3 wizards
  A spark wasp zombie (Hell)
  11 swamp dragons
  8 golden dragon zombies
  8 titan skeletons
  9 storm dragon skeletons
  13 glowing orange brains
  6 spriggan druids
  19 shadow demons
  18 necromancers
  20 flayed ghosts
  14 ironbrand convokers
  3 tengu zombies
  4 hill giants
  15 harpies
  36 deep elf archers
  3 lindwurms (Lair:6)
  13 shadow dragon zombies
  7 golden dragon skeletons
  8 iron dragon zombies
  29 phantasmal warriors
  A shambling mangrove (Swamp:2)
  14 orc knights
  4 naga ritualists
  9 anaconda skeletons
  10 mana vipers
  A sphinx zombie (Hell)
  The ghost of TheForgottenOwl the Carver, a novice MiFi (D:7)
  4 wolf spiders
  5 orc sorcerers
  7 shadow dragon skeletons
  7 wolf spider zombies
  A wolf spider (shapeshifter) (Depths:5)
  73 deep elf magi
  3 oklob plants (Lair:6)
  A cyclops (shapeshifter) (Elf:3)
  60 ugly things
  8 cyclopes
  A salamander (shapeshifter) (Depths:1)
  13 fire giant zombies
  15 stone giant zombies
  8 salamanders
  13 shining eyes
  8 iron dragon skeletons
  6 elephants
  16 worldbinders
  11 frost giant zombies
  3 manticores
  56 smoke demons
  11 stone giant skeletons
  14 fire giant skeletons
  7 guardian serpents
  8 dire elephant zombies
  4 shock serpent zombies
  4 eyes of devastation
  13 frost giant skeletons
  15 naga magi
  Joseph (D:9)
  A hell hog skeleton (Crypt:3)
  19 vault sentinels
  38 black mambas
  50 rust devils
  12 apocalypse crabs
  A titan simulacrum (Hell)
  8 orange demons
  25 spiny frogs
  2 storm dragon simulacra
  4 centaur skeletons
  13 molten gargoyles
  3 gargoyles
  3 shock serpent skeletons
  4 ice statues
  A spiny frog (shapeshifter) (D:13)
  2 emperor scorpion zombies
  3 catoblepas zombies
  A grey draconian zombie (Crypt:2)
  6 torpor snails (Lair:6)
  5 dire elephant skeletons
  38 hellions
  14 efreet
  A white draconian zombie (Crypt:1)
  9 komodo dragons
  45 freezing wraiths
  A rime drake (Lair:6)
  A black draconian skeleton (Crypt:2)
  A redback zombie (Crypt:3)
  39 yaktaurs
  48 tormentors
  A grey draconian skeleton (Crypt:2)
  A queen ant zombie (Crypt:2)
  33 ice devils
  7 hellwings
  6 anaconda simulacra
  45 guardian mummies
  2 catoblepas skeletons
  3 silent spectres
  2 yaktaur skeletons
  2 merfolk (shapeshifter)
  16 hydra zombies
  6 tengu conjurers
  5 harpy zombies
  2 queen bees (shapeshifter)
  A red draconian skeleton (Tomb:2)
  A jumping spider (Vaults:3)
  36 red devils
  36 ancient zymes
  3 meliai (Abyss:3)
  A meliai (shapeshifter) (Depths:3)
  2 queen bees
  10 trolls
  A polar bear (shapeshifter) (Abyss:3)
  2 wind drakes (shapeshifter)
  23 hornets
  14 alligator zombies
  25 blink frogs
  11 hydra skeletons
  2 hornets (shapeshifter)
  2 two-headed ogres (shapeshifter)
  9 hippogriffs
  128 slime creatures
  78 raiju
  10 tyrant leeches
  39 two-headed ogres
  2 harpy skeletons
  9 ice dragon zombies
  3 fire giant simulacra
  2 iron dragon simulacra
  Prince Ribbit (D:5)
  11 ettin zombies
  4 spriggan zombies
  3 stone giant simulacra
  12 bog bodies
  4 fire dragon zombies
  Sigmund (D:2)
  3 deep troll zombies (Hell)
  A satyr skeleton (Crypt:2)
  A centaur simulacrum (D:14)
  2 frost giant simulacra
  11 air elementals
  10 ettin skeletons
  28 ynoxinuls
  11 fire dragon skeletons
  8 ice dragon skeletons
  2 dire elephant simulacra
  4 redbacks
  A spriggan (shapeshifter) (Vaults:4)
  37 shadows
  235 flying skulls
  A human (shapeshifter) (Depths:3)
  5 spriggan skeletons
  41 yaks
  17 water elementals
  5 black mamba zombies
  6 alligator skeletons
  55 wraiths
  5 vampires
  5 black mamba skeletons
  37 ushabtiu
  Grum (D:8)
  9 wyverns
  The ghost of TheForgottenOwl the Slasher, an amateur MiFi (D:4)
  3 basilisks
  6 fire bats
  18 golden eyes
  22 fire elementals
  13 hungry ghosts
  106 large abominations
  23 vampire mosquitoes
  23 neqoxecs
  17 chaos spawn
  22 insubstantial wisps
  63 nagas
  A mottled dragon (shapeshifter) (Abyss:2)
  3 mottled dragons
  29 spatial vortices
  5 wargs
  15 swamp worms
  The ghost of M4edhros the Insei, an amateur OpNe (D:5)
  2 hydra simulacra
  15 spiny frog zombies
  19 water moccasins
  A floating eye (Slime:3)
  116 hell hounds
  An ice beast (shapeshifter) (Depths:4)
  17 porcupines
  14 swamp drakes
  9 ice beasts
  A monstrous demonspawn skeleton (Tar:7)
  31 necrophages
  31 orc warriors
  6 snapping turtle zombies
  12 phantoms
  6 sky beasts
  5 manticore zombies
  An alligator simulacrum (Coc:3)
  An eye of draining (shapeshifter) (Abyss:3)
  7 spiny frog skeletons
  2 fire dragon simulacra
  A hornet zombie (D:13)
  An ice dragon simulacrum (Coc:5)
  88 ogres
  A black mamba simulacrum (Hell)
  An ettin simulacrum (Abyss:4)
  A tengu (shapeshifter) (Abyss:3)
  2 wolves (D:8)
  14 boggarts
  A swamp dragon skeleton (Tar:3)
  8 eyes of draining
  2 swamp dragon zombies (Tar:7)
  18 centaurs
  4 manticore skeletons
  4 snapping turtle skeletons
  12 crocodiles
  4 yaktaur zombies
  4 big kobolds
  14 bullfrogs
  A fire crab zombie (Crypt:1)
  5 earth elementals
  An elf skeleton (Geh:7)
  A hell hound zombie (Crypt:1)
  5 human skeletons
  A spiny frog simulacrum (Coc:7)
  A hippogriff skeleton (Crypt:1)
  A wyvern zombie (D:9)
  3 scorpions (D:9)
  2 cyclops skeletons (Crypt:3)
  21 killer bees
  119 wights
  A vampire bat (Orc:1)
  A troll skeleton (Abyss:4)
  An electric eel (Lair:2)
  A bullfrog zombie (D:11)
  13 crimson imps
  3 centaur zombies
  13 quasits
  179 starcursed masses
  4 hounds
  A gnoll shaman (D:10)
  19 orc priests
  6 human zombies
  An iguana (shapeshifter) (Depths:4)
  4 jellies
  41 iron imps
  Ijyb (D:3)
  9 iguanas
  23 orc wizards
  11 hell rats
  17 worker ants
  2 naga zombies
  An ogre zombie (Dis:7)
  A naga skeleton (Crypt:3)
  A human simulacrum (Abyss:3)
  2 ogre skeletons
  A tengu skeleton (Coc:7)
  A hound zombie (D:11)
  2 howler monkey zombies
  51 mummies
  11 gnolls
  16 adders
  A scorpion zombie (Crypt:3)
  44 shadow imps
  19 white imps
  7 ufetubi
  An ooze (D:4)
  An adder zombie (D:9)
  An iguana zombie (Crypt:2)
  An adder skeleton (Crypt:3)
  A lava snake skeleton (Crypt:1)
  3 worms (D:3)
  2 dart slugs
  A leopard gecko (D:8)
  114 orcs
  12 bats
  3 giant cockroaches
  5 goblins (D:2)
  A hobgoblin (D:1)
  6 jackals
  7 quokkas
  2 frilled lizards
  25 kobolds
  An orc zombie (Crypt:1)
  2 quokka zombies
  6 rats
  A rat skeleton (Crypt:3)
  A rat zombie (Crypt:3)
  2 plants
  35 starspawn tentacles
  5 tentacles
6100 creatures vanquished.

Vanquished Creatures (collateral kills)
  Antaeus (Coc:7)
  A doom hound (Tar:7)
  A Tzitzimitl (Tar:7)
  A bone dragon (Geh:7)
  A Hell Sentinel (Dis:4)
  An Ice Fiend (Coc:7)
  A titan zombie (Coc:7)
  A shadow wraith (Tar:7)
  2 red devils
10 creatures vanquished.

Vanquished Creatures (others)
  A lich (Tomb:2)
  A doom hound (Tar:4)
  2 frost giants
  A reaper (Geh:7)
  2 elemental wellsprings (Coc:7)
  A white draconian (Crypt:2)
  A vampire mage (Crypt:3)
  37 death scarabs (Tomb:2)
  3 hell hogs
  A deep elf knight (Elf:1)
  A worldbinder (Abyss:3)
  A smoke demon (Abyss:2)
  A dire elephant skeleton (Geh:7)
  A catoblepas zombie (Dis:7)
  A hellion (Geh:7)
  2 tormentors (Geh:7)
  An ice devil (Dis:3)
  A harpy zombie (Tomb:2)
  A harpy skeleton (Coc:2)
  A bog body (Coc:7)
  2 blink frogs (Swamp:3)
  A large abomination (Abyss:2)
  22 flying skulls
  An air elemental (Elf:1)
  A wraith (Crypt:2)
  A water moccasin (Lair:6)
  A hell hound (Tar:1)
  A spiny frog zombie (Geh:7)
  A human (D:8)
  A snapping turtle skeleton (Tomb:3)
  An ogre (Vaults:5)
  2 small abominations (Abyss:2)
  An iron imp (Dis:7)
  An ogre zombie (Tomb:3)
  2 mummies (Tomb:2)
  2 shadow imps
  3 briar patches (Swamp:3)
  6 bushes
  A demonic plant (Abyss:4)
  26 fungi
  8 lurking horrors
  109 plants
  93 starspawn tentacles
  3 tentacles
351 creatures vanquished.

Grand Total: 6461 creatures vanquished

Notes
Turn   | Place    | Note
-------+----------+-------------------------------------------
     0 | D:1      | TheForgottenOwl the Minotaur Fighter began the quest for the Orb.
     0 | D:1      | Reached XP level 1. HP: 19/19 MP: 0/0
   188 | D:1      | Gained mutation: Your flesh is heat resistant. (rF+) [potion of mutation]
   188 | D:1      | Gained mutation: You are dopey. (Int -2) [potion of mutation]
   188 | D:1      | Gained mutation: You expend magic power (3 MP) to strengthen your wands. [potion of mutation]
   584 | D:2      | Reached XP level 2. HP: 26/26 MP: 1/1
   645 | D:2      | Found a snail-covered altar of Cheibriados.
   964 | D:2      | Reached XP level 3. HP: 26/31 MP: 2/2
  1224 | D:2      | Reached skill level 5 in Long Blades
  1432 | D:2      | Reached XP level 4. HP: 39/39 MP: 3/3
  1508 | D:2      | Noticed Sigmund
  1518 | D:2      | Killed Sigmund
  1518 | D:2      | Reached XP level 5. HP: 37/45 MP: 4/4
  1571 | D:2      | Found an opulent altar of Gozag.
  1574 | D:2      | Found a basalt altar of Yredelemnul.
  1748 | D:2      | Reached XP level 6. HP: 38/51 MP: 5/5
  2076 | D:3      | Noticed Ijyb
  2084 | D:3      | Killed Ijyb
  2103 | D:3      | Gained mutation: You are partially covered in rugged brown scales. (AC +1, +3% HP) [potion of mutation]
  2103 | D:3      | Gained mutation: You are partially covered in slimy green scales. (AC +2) [potion of mutation]
  2453 | D:4      | Got a pair of heavily runed boots
  2459 | D:4      | Identified the +2 pair of boots "Ykkoc" {rElec Regen+ Slay+3 Stlth-} (You found it on level 4 of the Dungeon)
  2483 | D:4      | Found a staircase to the Ecumenical Temple.
  2529 | Temple   | Entered the Ecumenical Temple
  2768 | Temple   | Became a worshipper of Warmaster Okawaru
  2804 | D:4      | Noticed TheForgottenOwl's ghost (amateur MiFi)
  2811 | D:4      | Killed TheForgottenOwl's ghost
  2811 | D:4      | Reached XP level 7. HP: 35/58 MP: 6/6
  3200 | D:4      | Reached skill level 10 in Long Blades
  3496 | D:5      | Entered Level 5 of the Dungeon
  3517 | D:5      | Noticed Prince Ribbit
  3522 | D:5      | Killed Prince Ribbit
  3522 | D:5      | Reached * piety under Okawaru
  3652 | D:5      | Reached XP level 8. HP: 65/65 MP: 7/7
  3843 | D:5      | Got a pair of pitted gloves
  3849 | D:5      | Identified the +3 pair of gloves of Emyudivi {+Fly rElec Str-4 Dex+3} (You found it on level 5 of the Dungeon)
  3872 | D:5      | Noticed M4edhros's ghost (amateur OpNe)
  3879 | D:5      | Killed M4edhros's ghost
  4559 | D:7      | Noticed TheForgottenOwl's ghost (novice MiFi)
  4571 | D:7      | Killed TheForgottenOwl's ghost
  4571 | D:7      | Reached ** piety under Okawaru
  4571 | D:7      | Reached *** piety under Okawaru
  4735 | D:7      | Noticed a hippogriff
  4746 | D:7      | Killed a hippogriff
  4746 | D:7      | Reached XP level 9. HP: 49/72 MP: 8/8
  4785 | D:7      | Got a transparent leather armour
  4796 | D:7      | Identified the +3 leather armour of the Special Ships {-Cast +Blink rElec Dex+4} (You found it on level 7 of the Dungeon)
  4838 | D:7      | Found a burning altar of Makhleb.
  5256 | D:8      | Noticed Grum
  5266 | D:8      | Killed Grum
  5602 | D:8      | Reached **** piety under Okawaru
  5732 | D:8      | Found a hazy altar of Hepliaklqana.
  5928 | D:8      | Found a deep blue altar of Sif Muna.
  5929 | D:8      | Found a white marble altar of Elyvilon.
  5929 | D:8      | Found a sacrificial altar of Ru.
  5931 | D:8      | Found a glowing golden altar of the Shining One.
  6057 | D:8      | Found an ancient bone altar of Kikubaaqudgha.
  6161 | D:8      | Reached skill level 15 in Long Blades
  6574 | D:9      | Found Soyxag's Weapon Boutique.
  6588 | D:9      | Found Ikug's Weapon Shop.
  6852 | D:9      | Found Bosuarum's Food Boutique.
  6922 | D:9      | Found Limef's Assorted Antiques.
  6925 | D:9      | Bought a scroll labeled BESUVA CICZEDE for 23 gold pieces
  6925 | D:9      | Bought a scroll labeled EMARGH HOMU for 23 gold pieces
  6925 | D:9      | Bought a scroll labeled VEDDAQ WACWUIMP for 23 gold pieces
  6925 | D:9      | Bought a scroll labeled EXTE PICKAEVEI for 23 gold pieces
  6925 | D:9      | Bought a scroll labeled EXTE PICKAEVEI for 23 gold pieces
  6992 | D:9      | Found Deelatuxt's Magic Scroll Shoppe.
  7064 | D:9      | Reached ***** piety under Okawaru
  7171 | D:9      | Noticed Joseph
  7431 | D:9      | Noticed a troll
  7438 | D:9      | Killed a troll
  7438 | D:9      | Reached XP level 10. HP: 52/79 MP: 9/9
  7606 | D:9      | Reached skill level 1 in Invocations
  8125 | D:10     | Entered Level 10 of the Dungeon
  8136 | D:10     | Found an ancient bone altar of Kikubaaqudgha.
  8320 | D:10     | Found a staircase to the Lair.
  8347 | D:10     | Reached skill level 5 in Invocations
  8485 | D:10     | Noticed Snorg
  8656 | D:10     | Received a gift from Okawaru
  8936 | D:10     | Found a staircase to the Orcish Mines.
  9321 | D:10     | Killed Snorg
  9393 | D:10     | Reached XP level 11. HP: 72/84 MP: 16/16
  9614 | Orc:1    | Entered Level 1 of the Orcish Mines
  9767 | D:11     | Killed an unseen horror
  9767 | D:11     | Reached skill level 5 in Fighting
  9868 | D:11     | Noticed a green ugly thing
  9879 | D:11     | Killed a green ugly thing
  9951 | D:11     | Received a gift from Okawaru
 10243 | D:11     | Received a gift from Okawaru
 10713 | D:11     | Reached skill level 10 in Fighting
 10814 | D:12     | Reached ****** piety under Okawaru
 10832 | D:12     | Noticed an ice dragon
 10833 | D:12     | Found a runed door.
 10833 | D:12     | Found a runed door.
 10834 | D:12     | Noticed a fire dragon
 10834 | D:12     | Noticed a fire dragon
 10835 | D:12     | Noticed an ice dragon
 10940 | D:12     | Noticed a hill giant
 10945 | D:12     | Killed a hill giant
 11150 | D:12     | Got a brightly glowing long sword
 11151 | D:12     | Identified the cursed +0 long sword of the Morning {drain, rF+ rN+ MR- Int+2} (You found it on level 12 of the Dungeon)
 11195 | D:12     | Noticed a deep elf mage
 11208 | D:12     | Killed a deep elf mage
 11208 | D:12     | Received a gift from Okawaru
 11266 | D:12     | Noticed a hill giant
 11270 | D:12     | Killed a hill giant
 11270 | D:12     | Received a gift from Okawaru
 11270 | D:12     | Reached skill level 5 in Armour
 11358 | D:12     | Reached XP level 12. HP: 110/114 MP: 17/17
 11988 | D:13     | Killed an ice dragon
 12528 | D:14     | Noticed Nessos
 12532 | D:14     | Noticed an ogre mage
 12576 | D:14     | Killed Nessos
 12583 | D:14     | Killed an ogre mage
 12704 | D:14     | Received a gift from Okawaru
 13007 | D:14     | Reached skill level 10 in Armour
 13022 | D:14     | Received a gift from Okawaru
 13052 | D:14     | Reached XP level 13. HP: 113/127 MP: 18/18
 13488 | D:14     | Found a gate to the Vaults.
 13664 | D:14     | Found a burning altar of Makhleb.
 13664 | D:14     | Noticed a cacodemon
 13729 | D:15     | Entered Level 15 of the Dungeon
 13734 | D:15     | Received a gift from Okawaru
 13810 | D:15     | Found a staircase to the Depths.
 13826 | D:15     | Reached skill level 15 in Fighting
 14005 | D:15     | Received a gift from Okawaru
 14006 | D:15     | Got a jewelled scale mail {god gift}
 14020 | D:15     | Found a shadowy altar of Dithmenos.
 14516 | Depths:1 | Entered Level 1 of the Depths
 14608 | Lair:1   | Entered Level 1 of the Lair of Beasts
 14887 | Lair:1   | Noticed Gastronok
 14902 | Lair:1   | Killed Gastronok
 15872 | Lair:2   | Received a gift from Okawaru
 15872 | Lair:2   | Reached XP level 14. HP: 79/142 MP: 19/19
 16862 | Lair:3   | Found a staircase to the Snake Pit.
 16897 | Lair:3   | Noticed Harold
 17202 | Lair:3   | Found a staircase to the Swamp.
 17235 | Lair:3   | Killed Harold
 19428 | Lair:5   | Reached skill level 15 in Armour
 19694 | Lair:6   | Entered Level 6 of the Lair of Beasts
 19702 | Lair:6   | Received a gift from Okawaru
 20188 | Lair:6   | Received a gift from Okawaru
 20412 | Lair:6   | Reached XP level 15. HP: 122/154 MP: 20/20
 20423 | Lair:6   | Paralysed by a hornet for 1 turns
 20963 | Lair:6   | Found a runed door.
 20997 | Lair:6   | Paralysed by a hornet for 1 turns
 21805 | Lair:6   | Received a gift from Okawaru
 21866 | Lair:6   | Found a staircase to the Slime Pits.
 22095 | Slime:1  | Entered Level 1 of the Pits of Slime
 22804 | Orc:1    | Found Hyejas's Magic Scroll Emporium.
 23042 | D:9      | Killed Joseph
 23061 | D:9      | Bought a scroll of acquirement for 780 gold pieces
 23196 | Orc:2    | Entered Level 2 of the Orcish Mines
 23578 | Orc:2    | Found a staircase to the Elven Halls.
 23600 | Orc:2    | Found Lustrem's Weapon Shoppe.
 23600 | Orc:2    | Found Osipuyggo's Distillery.
 23601 | Orc:2    | Found Icisuokhlyf's Book Shop.
 23601 | Orc:2    | Found Heniaf's Antique Armour Shoppe.
 24712 | Elf:1    | Entered Level 1 of the Elven Halls
 24865 | D:12     | Received a gift from Okawaru
 25060 | Depths:1 | Noticed a lich
 25076 | Depths:1 | Killed a lich
 25364 | Depths:1 | Reached XP level 16. HP: 166/166 MP: 21/21
 26271 | Depths:1 | Got a heavily runed lead amulet
 26395 | Depths:1 | Received a gift from Okawaru
 26512 | Depths:1 | Found a gateway to Hell.
 26905 | Depths:1 | Received a gift from Okawaru
 27028 | Depths:2 | Noticed a caustic shrike
 27028 | Depths:2 | Noticed a shadow dragon
 27028 | Depths:2 | Noticed a sphinx
 27077 | Depths:1 | Killed a caustic shrike
 27077 | Depths:1 | Received a gift from Okawaru
 27080 | Depths:1 | Killed a sphinx
 27217 | Depths:1 | Killed a shadow dragon
 27260 | Depths:1 | Got a crude cloak {god gift}
 27266 | Depths:1 | Identified the +0 cloak "Vuph" {Int+4 Stlth+} (Okawaru gifted it to you on level 1 of the Depths)
 28029 | Depths:2 | Received a gift from Okawaru
 28211 | Depths:2 | Reached XP level 17. HP: 132/181 MP: 22/22
 28428 | Depths:2 | Received a gift from Okawaru
 28866 | Depths:2 | Found a one-way gate to the infinite horrors of the Abyss.
 29037 | Depths:2 | Learned a level 2 spell: Repel Missiles
 29040 | Depths:2 | Learned a level 2 spell: Swiftness
 30491 | Depths:3 | Found a one-way gate leading to the halls of Pandemonium.
 30610 | Depths:3 | Received a gift from Okawaru
 30615 | Depths:3 | Got an ichor-stained cloak {god gift}
 30626 | Depths:3 | Identified the +1 cloak of the Blizzard {rC+} (Okawaru gifted it to you on level 3 of the Depths)
 30806 | Depths:3 | Noticed a juggernaut
 30808 | Depths:3 | Noticed a golden dragon
 30913 | Depths:3 | Killed a juggernaut
 31036 | Depths:3 | Noticed a titan
 31036 | Depths:3 | Noticed a lich
 31054 | Depths:3 | Killed a titan
 31054 | Depths:3 | Reached XP level 18. HP: 109/193 MP: 23/23
 31064 | Depths:3 | Killed a lich
 31081 | Depths:3 | Noticed a golden dragon
 31081 | Depths:3 | a dire elephant changed into a golden dragon
 31680 | Depths:3 | Killed a golden dragon
 31680 | Depths:3 | Received a gift from Okawaru
 31963 | Depths:3 | Got a steaming ruby amulet
 32053 | Depths:3 | Noticed a juggernaut
 32056 | Depths:3 | Noticed a juggernaut
 32063 | Depths:3 | Killed a juggernaut
 32070 | Depths:3 | Killed a juggernaut
 32153 | Depths:2 | Received a gift from Okawaru
 32776 | Depths:4 | Noticed Jorgrun
 32789 | Depths:4 | Killed Jorgrun
 32923 | Depths:4 | Noticed Louise
 32932 | Depths:4 | Killed Louise
 33044 | Depths:4 | Received a gift from Okawaru
 33379 | Depths:4 | Paralysed by a floating eye for 4 turns
 33627 | Depths:4 | Reached XP level 19. HP: 195/206 MP: 24/24
 33718 | Depths:4 | Noticed a caustic shrike
 33728 | Depths:4 | Killed a caustic shrike
 34656 | Depths:5 | Entered Level 5 of the Depths
 34675 | Depths:5 | Received a gift from Okawaru
 34676 | Depths:5 | Got a pitted scale mail {god gift}
 34685 | Depths:5 | Identified the amulet of Yxes {RegenMP rPois rC+ Int+4} (You took it off a fire giant on level 3 of the Depths)
 34686 | Depths:5 | Identified the amulet of Afomm {-Tele +Rage rElec rC++ Dex+9} (You acquired it on level 1 of the Depths)
 34815 | Depths:5 | Found a gateway to a ziggurat.
 34827 | Depths:5 | Noticed a juggernaut
 34978 | Depths:4 | Killed a juggernaut
 36001 | Depths:5 | Got an encrusted scimitar
 36002 | Depths:5 | Identified the +12 scimitar "Kikacul" {holy, rF+ rC+ rN+} (You found it on level 5 of the Depths)
 36193 | Depths:5 | Received a gift from Okawaru
 36472 | Depths:5 | Noticed Xtahua
 36489 | Depths:5 | Killed Xtahua
 36816 | Depths:5 | Got a translucent buckler {god gift}
 36827 | Depths:5 | Identified the +0 buckler "Dompukh" {rF+} (Okawaru gifted it to you on level 5 of the Depths)
 37543 | Depths:5 | Found a gate to the Realm of Zot.
 37544 | Depths:5 | Noticed a bone dragon
 37609 | Depths:4 | Killed a bone dragon
 37729 | Depths:4 | Reached XP level 20. HP: 204/218 MP: 25/25
 38565 | Swamp:1  | Entered Level 1 of the Swamp
 38840 | Swamp:1  | Got a bloodstained plate armour
 38851 | Swamp:1  | Identified the +5 plate armour of Duty {rElec rPois rF- rC+++} (You found it on level 1 of the Swamp)
 39097 | Swamp:1  | Received a gift from Okawaru
 40834 | Swamp:4  | Entered Level 4 of the Swamp
 42022 | Swamp:4  | Noticed Aizul
 42041 | Swamp:4  | Killed Aizul
 42305 | Swamp:4  | Noticed the 27-headed Lernaean hydra
 42719 | Swamp:3  | Killed the 26-headed Lernaean hydra
 42719 | Swamp:3  | Received a gift from Okawaru
 42720 | Swamp:3  | Got a spiked buckler {god gift}
 42731 | Swamp:3  | Identified the +3 buckler of the Slug {rElec Stlth+} (Okawaru gifted it to you on level 3 of the Swamp)
 43327 | Swamp:4  | Got a decaying rune of Zot
 43697 | Snake:1  | Entered Level 1 of the Snake Pit
 43793 | Snake:1  | Noticed Nikola
 43806 | Snake:1  | Killed Nikola
 43808 | Snake:1  | Got a pair of dazzling gloves
 43819 | Snake:1  | Identified the cursed +0 pair of gloves "Cupof" {MR+ Int+4 Slay+2} (You took it off Nikola on level 1 of the Snake Pit)
 44617 | Snake:1  | Got an ichor-stained rapier
 44618 | Snake:1  | Identified the +9 rapier of Irghaurergh {pierce, rC- Int+5} (You found it on level 1 of the Snake Pit)
 45570 | Snake:3  | Reached skill level 27 in Fighting
 45571 | Snake:3  | Reached XP level 21. HP: 195/230 MP: 26/26
 46281 | Snake:3  | Received a gift from Okawaru
 46444 | Snake:4  | Entered Level 4 of the Snake Pit
 47152 | Snake:4  | Noticed Vashnia
 47312 | Snake:4  | Killed Vashnia
 47312 | Snake:4  | Received a gift from Okawaru
 48067 | Snake:4  | Reached skill level 27 in Armour
 48168 | Snake:4  | Reached skill level 5 in Shields
 48651 | Snake:4  | Got a serpentine rune of Zot
 49233 | Elf:1    | Found Nuppu's Assorted Antiques.
 49632 | Elf:1    | Found Xusapeqa's Food Shop.
 49633 | Elf:1    | Found Qugolegu's General Store.
 49633 | Elf:1    | Found Fiotuts's Distillery.
 49667 | Elf:1    | Found Mekk's Gadget Boutique.
 49932 | Elf:1    | Reached skill level 10 in Shields
 50089 | Elf:1    | Received a gift from Okawaru
 50448 | Elf:2    | Found a runed gate.
 50448 | Elf:2    | Found a runed gate.
 50458 | Elf:2    | Found a runed gate.
 50579 | Elf:2    | Reached XP level 22. HP: 188/239 MP: 27/27
 51020 | Elf:2    | Noticed Agnes
 51038 | Elf:2    | Killed Agnes
 51222 | Elf:3    | Entered Level 3 of the Elven Halls
 51544 | Elf:3    | Found Aconi's Book Emporium.
 51710 | Elf:3    | Received a gift from Okawaru
 51766 | Elf:3    | Reached skill level 15 in Shields
 52233 | Elf:3    | Gained mutation: You are very dopey. (Int -4) [a cacodemon]
 52837 | Elf:3    | Identified a +0 pair of boots of running (Okawaru gifted it to you on level 3 of the Elven Halls)
 52917 | Elf:3    | HP: 8/239 [deep elf blademaster/rapier (9)]
 53399 | Elf:3    | Got a pair of twisted gloves
 53410 | Elf:3    | Identified the +1 pair of gloves of Odavilun {Int+4} (You found it on level 3 of the Elven Halls)
 54059 | Vaults:1 | Entered Level 1 of the Vaults
 54059 | Vaults:1 | Found Koluev's General Store.
 54088 | Vaults:1 | Found Qiphimm's Distillery.
 54139 | Vaults:1 | Received a gift from Okawaru
 54542 | Vaults:1 | Found Kaaletzo's Gadget Emporium.
 54556 | Vaults:1 | Found Suiceo's Antique Weapon Shop.
 54981 | Vaults:1 | Found Gakkaiq's Magic Scroll Boutique.
 55561 | Vaults:1 | Received a gift from Okawaru
 55956 | Vaults:2 | Reached XP level 23. HP: 216/247 MP: 28/28
 56819 | Vaults:2 | Received a gift from Okawaru
 56826 | Vaults:2 | Got a bloodstained falchion {god gift}
 56827 | Vaults:2 | Identified the +12 falchion of Ambiguity {freeze, rPois} (Okawaru gifted it to you on level 2 of the Vaults)
 57055 | Vaults:2 | Noticed Jory
 57074 | Vaults:2 | Killed Jory
 57530 | Vaults:2 | Got a flickering granite ring
 57532 | Vaults:2 | Identified the ring "Kulyeph" {Wiz rF+ Dex+2} (You took it off an ogre mage on level 2 of the Vaults)
 57814 | Vaults:3 | Found Lied's Book Shop.
 58257 | Vaults:3 | Received a gift from Okawaru
 58960 | Vaults:3 | Found a staircase to the Crypt.
 58960 | Vaults:3 | Found an ancient bone altar of Kikubaaqudgha.
 58961 | Vaults:3 | Found a basalt altar of Yredelemnul.
 59462 | Vaults:4 | Got a scorched glass ring
 59502 | Vaults:4 | Noticed ZlagarX's ghost (veteran DrSk)
 59541 | Vaults:4 | Killed ZlagarX's ghost
 59553 | Vaults:4 | Identified the ring "Arche" {rF+ Str-5 Int+2 Dex+5} (You found it on level 4 of the Vaults)
 59644 | Vaults:4 | Found Teel's Jewellery Emporium.
 59693 | Vaults:4 | Noticed Sojobo
 59734 | Vaults:3 | Killed Sojobo
 60288 | Vaults:4 | Received a gift from Okawaru
 61086 | Vaults:4 | Reached XP level 24. HP: 223/256 MP: 28/28
 61325 | Vaults:4 | Learned a level 8 spell: Controlled Blink
 61407 | Vaults:5 | Entered Level 5 of the Vaults
 62615 | Vaults:5 | Received a gift from Okawaru
 62942 | D:9      | Bought a scroll of enchant armour for 112 gold pieces
 63257 | Vaults:5 | Got a silver rune of Zot
 63267 | Vaults:5 | Got a pitted sapphire amulet
 63268 | Vaults:5 | Identified the amulet "Yneymif" {Gourm Stlth+} (You found it on level 5 of the Vaults)
 63346 | Vaults:5 | Noticed an ancient lich
 63355 | Vaults:5 | Killed an ancient lich
 63796 | Vaults:5 | Received a gift from Okawaru
 63832 | Vaults:4 | Got a wavering ruby amulet
 63836 | Vaults:4 | Identified the amulet "Ulea" {Harm *Drain +Fly rN+ SInv} (You took it off a vault sentinel on level 4 of the Vaults)
 64692 | Vaults:5 | Reached XP level 25. HP: 244/264 MP: 28/28
 64920 | Vaults:5 | Identified Sif Muna's Handbook of the Valley
 64974 | Vaults:5 | Learned a level 6 spell: Deflect Missiles
 65606 | Slime:1  | Received a gift from Okawaru
 65933 | Slime:1  | Gained mutation: Your spells are a little harder to cast, but a little more powerful. [a shining eye]
 66867 | Slime:2  | Reached skill level 27 in Shields
 67863 | Slime:4  | Lost mutation: Your spells are a little harder to cast, but a little more powerful. [a shining eye]
 68065 | Slime:4  | Gained mutation: You are clumsy. (Dex -2) [a shining eye]
 68069 | Slime:4  | Gained mutation: You are robust. (+10% HP) [a shining eye]
 68126 | Slime:4  | Paralysed by a floating eye for 4 turns
 68133 | Slime:4  | Paralysed by a floating eye for 2 turns
 68147 | Slime:3  | Paralysed by a floating eye for 3 turns
 68187 | Slime:3  | Lost mutation: You are robust. (+10% HP) [a shining eye]
 68189 | Slime:3  | Gained mutation: Your body sometimes deteriorates upon taking damage. [a shining eye]
 68330 | Slime:5  | Entered Level 5 of the Pits of Slime
 68345 | Slime:5  | Gained mutation: You are weak. (Str -2) [a shining eye]
 68349 | Slime:5  | Gained mutation: You are frail. (-10% HP) [a shining eye]
 68851 | Slime:5  | Gained mutation: Your magical capacity is low. (-10% MP) [a shining eye]
 68855 | Slime:5  | Lost mutation: You are frail. (-10% HP) [a shining eye]
 68858 | Slime:5  | Gained mutation: You are occasionally teleported next to monsters. [a shining eye]
 68860 | Slime:5  | Gained mutation: Your magical capacity is very low. (-20% MP) [a shining eye]
 68863 | Slime:5  | Gained mutation: You occasionally shout uncontrollably at your foes. [a shining eye]
 68869 | Slime:5  | Found a viscous altar of Jiyva.
 68869 | Slime:5  | Noticed the Royal Jelly
 68958 | Slime:4  | Lost mutation: Your magical capacity is very low. (-20% MP) [potion of cure mutation]
 68958 | Slime:4  | Lost mutation: You expend magic power (3 MP) to strengthen your wands. [potion of cure mutation]
 68958 | Slime:4  | Lost mutation: You are very dopey. (Int -4) [potion of cure mutation]
 68958 | Slime:4  | Lost mutation: Your body sometimes deteriorates upon taking damage. [potion of cure mutation]
 68958 | Slime:4  | Lost mutation: Your flesh is heat resistant. (rF+) [potion of cure mutation]
 68959 | Slime:4  | Lost mutation: You are dopey. (Int -2) [potion of cure mutation]
 68959 | Slime:4  | Lost mutation: You are clumsy. (Dex -2) [potion of cure mutation]
 68959 | Slime:4  | Lost mutation: Your magical capacity is low. (-10% MP) [potion of cure mutation]
 68959 | Slime:4  | Lost mutation: You are partially covered in slimy green scales. (AC +2) [potion of cure mutation]
 68960 | Slime:4  | Lost mutation: You are occasionally teleported next to monsters. [potion of cure mutation]
 68960 | Slime:4  | Lost mutation: You occasionally shout uncontrollably at your foes. [potion of cure mutation]
 68960 | Slime:4  | Lost mutation: You are weak. (Str -2) [potion of cure mutation]
 68960 | Slime:4  | Lost mutation: You are partially covered in rugged brown scales. (AC +1, +3% HP) [potion of cure mutation]
 68987 | Slime:5  | Received a gift from Okawaru
 69248 | Slime:5  | Gained mutation: Your body sometimes deteriorates upon taking damage. [a shining eye]
 70001 | Slime:5  | Gained mutation: Scrolls take you a little longer to read. [a shining eye]
 70939 | D:8      | Fell from the grace of Okawaru
 70939 | D:8      | Became a worshipper of the Shining One
 71268 | Crypt:1  | Entered Level 1 of the Crypt
 71302 | Crypt:1  | Reached * piety under the Shining One
 71417 | Crypt:1  | Reached ** piety under the Shining One
 71583 | Crypt:1  | Reached *** piety under the Shining One
 71765 | Crypt:1  | Reached **** piety under the Shining One
 72307 | Crypt:2  | Reached ***** piety under the Shining One
 72706 | Crypt:3  | Entered Level 3 of the Crypt
 72718 | Crypt:3  | Reached ****** piety under the Shining One
 73193 | Crypt:3  | Reached XP level 26. HP: 263/263 MP: 28/28
 73877 | Crypt:3  | Found a staircase to the Tomb.
 73909 | Crypt:3  | Noticed Mennas
 73947 | Crypt:3  | Killed Mennas
 74189 | Crypt:3  | Found a basalt altar of Yredelemnul.
 74214 | Crypt:3  | Noticed an ancient lich
 74230 | Crypt:3  | Killed an ancient lich
 74249 | Crypt:3  | Got dazzling ice dragon scales
 74252 | Crypt:3  | Identified the +9 ice dragon scales of Ru's Esteem {rF- rC++ Dex+7} (You found it on level 3 of the Crypt)
 74296 | Crypt:3  | Identified the Tome of Darkness and Summoning
 74955 | Tomb:1   | Entered Level 1 of the Tomb of the Ancients
 75553 | Tomb:1   | Noticed a greater mummy
 75554 | Tomb:1   | Noticed a greater mummy
 75564 | Tomb:1   | Killed a greater mummy
 75565 | Tomb:1   | Noticed a greater mummy
 75872 | Tomb:1   | Killed a greater mummy
 76181 | Tomb:1   | Was forgiven by Okawaru
 76319 | Tomb:1   | Killed a greater mummy
 77211 | Tomb:2   | Noticed a greater mummy
 77212 | Tomb:2   | Noticed a greater mummy
 77227 | Tomb:2   | Noticed an ancient lich
 77383 | Tomb:1   | Killed a greater mummy
 77383 | Tomb:1   | Reached XP level 27. HP: 157/247 MP: 28/28
 77502 | Tomb:2   | Noticed a greater mummy
 77702 | Tomb:2   | HP: 13/261 [ushabti] (8)]
 77708 | Tomb:2   | Lost mutation: Scrolls take you a little longer to read. [the power of Zot]
 77722 | Tomb:1   | Noticed a greater mummy
 78040 | Tomb:1   | Killed an ancient lich
 78212 | Tomb:1   | Killed a greater mummy
 79022 | Tomb:1   | Killed a greater mummy
 79472 | Tomb:3   | Entered Level 3 of the Tomb of the Ancients
 80448 | Tomb:3   | Noticed a greater mummy
 80448 | Tomb:3   | Noticed a greater mummy
 80954 | Tomb:2   | Killed a greater mummy
 81032 | Tomb:3   | Noticed a greater mummy
 81228 | Tomb:3   | Noticed a greater mummy
 81382 | Tomb:3   | Noticed a greater mummy
 81566 | Tomb:3   | Noticed a greater mummy
 82103 | Tomb:2   | Killed a greater mummy
 82103 | Tomb:2   | Reached skill level 27 in Long Blades
 82347 | Tomb:2   | Killed a greater mummy
 82350 | Tomb:2   | Killed a greater mummy
 82350 | Tomb:2   | Reached skill level 10 in Invocations
 82353 | Tomb:2   | Killed a greater mummy
 82723 | Tomb:2   | Killed a greater mummy
 83166 | Tomb:3   | Noticed a greater mummy
 83443 | Tomb:2   | Killed a greater mummy
 83530 | Tomb:3   | Noticed a greater mummy
 83771 | Tomb:3   | Killed a greater mummy
 83839 | Tomb:3   | Noticed a greater mummy
 83858 | Tomb:3   | Killed a greater mummy
 83924 | Tomb:3   | Got a golden rune of Zot
 84274 | Tomb:3   | Got a flickering steel ring
 84276 | Tomb:3   | Identified the ring of Onukla {rPois MP+9 Int-2 Dex+7 Slay+3} (You found it on level 3 of the Tomb of the Ancients)
 84281 | Tomb:3   | Identified the +11 scimitar of the Equator {slice, rPois MR+ Dex-2 Stlth+} (You found it on level 3 of the Tomb of the Ancients)
 84307 | Tomb:3   | Got a steaming silver amulet
 84310 | Tomb:3   | Identified the amulet of Oenomania {Harm *Drain Dex+4} (You found it on level 3 of the Tomb of the Ancients)
 84361 | Tomb:3   | Identified the cursed +1 plate armour "Kidote" {rPois Stlth+} (You found it on level 3 of the Tomb of the Ancients)
 84454 | Tomb:3   | Learned a level 2 spell: Blink
 84566 | Tomb:2   | Killed a greater mummy
 84828 | Tomb:1   | Noticed a greater mummy
 84838 | Tomb:1   | Killed a greater mummy
 84867 | Tomb:1   | Noticed a greater mummy
 84889 | Tomb:1   | Killed a greater mummy
 84962 | Tomb:1   | Noticed a greater mummy
 84970 | Tomb:1   | Killed a greater mummy
 85014 | Tomb:1   | Noticed a greater mummy
 85075 | Tomb:1   | Killed a greater mummy
 85192 | Tomb:1   | Noticed a greater mummy
 85199 | Tomb:1   | Killed a greater mummy
 85341 | Tomb:1   | Noticed a greater mummy
 85356 | Tomb:1   | Noticed a greater mummy
 85963 | Hell     | Entered the Vestibule of Hell
 85963 | Hell     | Noticed Geryon
 86008 | Hell     | Found a gateway to the freezing wastes of Cocytus.
 86947 | Depths:5 | Reached skill level 15 in Invocations
 87632 | Hell     | Killed Geryon
 87712 | Hell     | Found a gateway to the Iron City of Dis.
 87815 | Hell     | Found a gateway to the ashen valley of Gehenna.
 87914 | Hell     | Found a gateway to the decaying netherworld of Tartarus.
 88419 | Vaults:1 | Bought a potion of cure mutation for 325 gold pieces
 88419 | Vaults:1 | Bought a potion of haste for 130 gold pieces
 88419 | Vaults:1 | Bought a potion of haste for 130 gold pieces
 88592 | Depths:2 | Voluntarily entered the Abyss.
 88677 | Abyss:3  | Got a brightly glowing golden amulet
 88901 | Abyss:3  | Found a radiant altar of Vehumet.
 88901 | Abyss:3  | Found a stormy altar of Qazlal.
 88901 | Abyss:3  | Found a sparkling altar of Nemelex Xobeh.
 88901 | Abyss:3  | Found a glowing golden altar of the Shining One.
 88901 | Abyss:3  | Found a blossoming altar of Fedhas.
 88901 | Abyss:3  | Found a hazy altar of Hepliaklqana.
 88901 | Abyss:3  | Found a shimmering altar of Xom.
 88901 | Abyss:3  | Found an opulent altar of Gozag.
 88901 | Abyss:3  | Found an ancient bone altar of Kikubaaqudgha.
 88901 | Abyss:3  | Found a shattered altar of Ashenzari.
 88903 | Abyss:3  | Found a glowing silver altar of Zin.
 88903 | Abyss:3  | Found a shadowy altar of Dithmenos.
 88903 | Abyss:3  | Found a white marble altar of Elyvilon.
 88905 | Abyss:3  | Found a snail-covered altar of Cheibriados.
 88905 | Abyss:3  | Found a hide-covered altar of Uskayaw.
 88905 | Abyss:3  | Found a deep blue altar of Sif Muna.
 88905 | Abyss:3  | Found a bloodstained altar of Trog.
 88907 | Abyss:3  | Found a burning altar of Makhleb.
 88907 | Abyss:3  | Found an iron altar of Okawaru.
 88907 | Abyss:3  | Found a deep blue altar of Sif Muna.
 88969 | Abyss:3  | Paralysed by accursed screaming for 1 turns
 89248 | Abyss:3  | Gained mutation: You are robust. (+10% HP) [a neqoxec]
 89456 | Abyss:4  | Gained mutation: You expend magic power (3 MP) to strengthen your wands. [a neqoxec]
 89459 | Abyss:4  | Gained mutation: You are partially covered in slimy green scales. (AC +2) [a neqoxec]
 89467 | Abyss:4  | Gained mutation: You tend to lose your temper in combat. [a neqoxec]
 90329 | Abyss:4  | Paralysed by accursed screaming for 1 turns
 90352 | Abyss:4  | Got a brightly glowing rapier
 90488 | Abyss:4  | Gained mutation: Your body often deteriorates upon taking damage. [a cacodemon]
 90718 | Abyss:4  | Found a hazy altar of Hepliaklqana.
 91350 | Abyss:4  | Found a corrupted altar of Lugonu.
 91494 | Abyss:4  | Found a corrupted altar of Lugonu.
 91673 | Abyss:4  | Found a corrupted altar of Lugonu.
 92298 | Abyss:4  | Gained mutation: Your spells are a little easier to cast, but a little less powerful. [a neqoxec]
 92300 | Abyss:4  | Lost mutation: You expend magic power (3 MP) to strengthen your wands. [a neqoxec]
 92338 | Abyss:4  | Gained mutation: Armour fits poorly on your strangely shaped body. [a neqoxec]
 92339 | Abyss:4  | Found a corrupted altar of Lugonu.
 92360 | Abyss:4  | Found a corrupted altar of Lugonu.
 92413 | Abyss:5  | Entered Level 5 of the Abyss
 92417 | Depths:2 | Escaped the Abyss
 92419 | Depths:2 | Identified the amulet of Pucwiqam {Gourm rPois rC- MR+ Int+6} (You found it on level 3 of the Abyss)
 92439 | Depths:2 | Voluntarily entered the Abyss.
 92439 | Abyss:1  | Found a corrupted altar of Lugonu.
 92439 | Abyss:1  | Noticed an ancient lich
 92451 | Abyss:1  | Killed an ancient lich
 92799 | Abyss:1  | Gained mutation: You are occasionally teleported next to monsters. [a neqoxec]
 92989 | Abyss:2  | Found a corrupted altar of Lugonu.
 93061 | Abyss:2  | Found a hazy altar of Hepliaklqana.
 94475 | Abyss:3  | Gained mutation: Your spells are easier to cast, but less powerful. [a neqoxec]
 94476 | Abyss:3  | Gained mutation: You often lose your temper in combat. [a neqoxec]
 94478 | Abyss:3  | Gained mutation: You are dopey. (Int -2) [a neqoxec]
 94560 | Abyss:3  | Found a corrupted altar of Lugonu.
 94732 | Abyss:3  | Paralysed by accursed screaming for 1 turns
 95257 | Depths:2 | Escaped the Abyss
 95435 | Depths:2 | Voluntarily entered the Abyss.
 95447 | Abyss:1  | Found a corrupted altar of Lugonu.
 95712 | Abyss:1  | Found a burning altar of Makhleb.
 95947 | Abyss:2  | Found a corrupted altar of Lugonu.
 95998 | Abyss:2  | Found a corrupted altar of Lugonu.
 96053 | Abyss:2  | Gained mutation: Your system is resistant to poisons. (rPois) [a neqoxec]
 96371 | Abyss:3  | Paralysed by accursed screaming for 1 turns
 96773 | Abyss:3  | Paralysed by accursed screaming for 2 turns
 96802 | Abyss:3  | Paralysed by accursed screaming for 2 turns
 96816 | Abyss:3  | Paralysed by accursed screaming for 2 turns
 96819 | Abyss:3  | Paralysed by accursed screaming for 2 turns
 96822 | Abyss:3  | Paralysed by accursed screaming for 2 turns
 96827 | Depths:2 | Escaped the Abyss
 97105 | Depths:2 | Voluntarily entered the Abyss.
 97143 | Abyss:1  | Paralysed by accursed screaming for 2 turns
 97186 | Abyss:1  | Noticed an ancient lich
 97189 | Abyss:1  | Killed an ancient lich
 97189 | Abyss:1  | Reached skill level 27 in Invocations
 97285 | Abyss:1  | Reached skill level 5 in Dodging
 97533 | Abyss:2  | Got a polished long sword {vamp}
 97564 | Abyss:3  | Found a corrupted altar of Lugonu.
 98013 | Abyss:3  | Reached skill level 10 in Dodging
 98068 | Abyss:3  | Lost mutation: You are robust. (+10% HP) [a neqoxec]
 98070 | Abyss:3  | Gained mutation: You expend magic power (3 MP) to strengthen your wands. [a neqoxec]
 98224 | Abyss:3  | Found a corrupted altar of Lugonu.
 98323 | Abyss:3  | Found a corrupted altar of Lugonu.
 98385 | Abyss:3  | Gained mutation: Your magical capacity is low. (-10% MP) [a neqoxec]
 98511 | Abyss:3  | Paralysed by accursed screaming for 1 turns
 98514 | Abyss:3  | Paralysed by accursed screaming for 1 turns
 99040 | Abyss:3  | Identified the +6 long sword of the Boar {vamp, rC+} (You took it off a crimson imp on level 2 of the Abyss)
 99188 | Abyss:3  | Got an abyssal rune of Zot
 99367 | Depths:2 | Escaped the Abyss
 99369 | Depths:2 | Lost mutation: Your magical capacity is low. (-10% MP) [potion of mutation]
 99370 | Depths:2 | Gained mutation: Your spells are much easier to cast, but much less powerful. [potion of mutation]
 99370 | Depths:2 | Lost mutation: Armour fits poorly on your strangely shaped body. [potion of mutation]
 99370 | Depths:2 | Gained mutation: You evolve. [potion of mutation]
 99371 | Depths:2 | Lost mutation: You are occasionally teleported next to monsters. [potion of mutation]
 99371 | Depths:2 | Lost mutation: You evolve. [potion of mutation]
 99371 | Depths:2 | Gained mutation: You are very dopey. (Int -4) [potion of mutation]
 99372 | Depths:2 | Lost mutation: You expend magic power (3 MP) to strengthen your wands. [potion of mutation]
 99373 | Depths:2 | Lost mutation: You are partially covered in slimy green scales. (AC +2) [potion of mutation]
 99373 | Depths:2 | Gained mutation: You expend magic power (3 MP) to strengthen your wands. [potion of mutation]
 99373 | Depths:2 | Lost mutation: You are very dopey. (Int -4) [potion of mutation]
 99374 | Depths:2 | Lost mutation: Your spells are much easier to cast, but much less powerful. [potion of mutation]
 99375 | Depths:2 | Lost mutation: Your body often deteriorates upon taking damage. [potion of mutation]
 99375 | Depths:2 | Lost mutation: You are dopey. (Int -2) [potion of mutation]
 99452 | Geh:1    | Entered Level 1 of Gehenna
 99658 | Geh:1    | Reached skill level 15 in Dodging
101389 | Geh:7    | Entered Level 7 of Gehenna
101864 | Geh:7    | Gained mutation: You are clumsy. (Dex -2) [mutagenic glow]
102720 | Geh:7    | Noticed Asmodeus
103095 | Geh:7    | Killed Asmodeus
103124 | Geh:7    | Got an obsidian rune of Zot
104058 | Coc:1    | Entered Level 1 of Cocytus
106423 | Coc:7    | Entered Level 7 of Cocytus
107461 | Coc:7    | Noticed Antaeus
107718 | Coc:7    | Killed Antaeus
107718 | Coc:7    | Reached skill level 27 in Dodging
107718 | Coc:7    | Reached skill level 1 in Translocations
107889 | Coc:7    | Got an icy rune of Zot
108110 | Tar:1    | Entered Level 1 of Tartarus
108138 | Tar:1    | Gained mutation: You are weak. (Str -2) [mutagenic glow]
108400 | Tar:1    | Reached skill level 5 in Translocations
109895 | Tar:2    | Reached skill level 10 in Translocations
112645 | Tar:5    | Reached skill level 15 in Translocations
112749 | Tar:5    | Lost mutation: You are clumsy. (Dex -2) [mutagenic glow]
112799 | Tar:5    | Gained mutation: Your spells are much easier to cast, but much less powerful. [mutagenic glow]
113408 | Tar:7    | Entered Level 7 of Tartarus
113742 | Tar:7    | Gained mutation: Your body often deteriorates upon taking damage. [a neqoxec]
114461 | Tar:7    | Noticed Ereshkigal
114908 | Tar:7    | Got a pitted marble ring
115830 | Tar:7    | Killed Ereshkigal
116207 | Tar:7    | Got a bone rune of Zot
116264 | Tar:7    | Gained mutation: Your magical capacity is low. (-10% MP) [mutagenic glow]
116286 | Tar:7    | Gained mutation: You have an uncontrollable temper. [mutagenic glow]
116308 | Tar:7    | Gained mutation: Your magical capacity is very low. (-20% MP) [mutagenic glow]
116503 | Dis:1    | Entered Level 1 of the Iron City of Dis
116504 | Dis:1    | Identified the ring of the Madman {Fire Int-2 Dex+3} (You found it on level 7 of Tartarus)
117617 | Dis:4    | Lost mutation: Your magical capacity is very low. (-20% MP) [potion of cure mutation]
117617 | Dis:4    | Lost mutation: Your system is resistant to poisons. (rPois) [potion of cure mutation]
117617 | Dis:4    | Lost mutation: Your magical capacity is low. (-10% MP) [potion of cure mutation]
117617 | Dis:4    | Lost mutation: You expend magic power (3 MP) to strengthen your wands. [potion of cure mutation]
117617 | Dis:4    | Lost mutation: Your body often deteriorates upon taking damage. [potion of cure mutation]
117851 | Dis:4    | Gained mutation: Armour fits poorly on your strangely shaped body. [mutagenic glow]
117908 | Dis:4    | Found a huge runed gate.
117908 | Dis:4    | Found a huge runed gate.
117909 | Dis:4    | Found a huge runed gate.
117913 | Dis:4    | Found a huge runed gate.
117913 | Dis:4    | Found a huge runed gate.
117913 | Dis:4    | Found a huge runed gate.
117914 | Dis:4    | Found a huge runed gate.
117920 | Dis:4    | Found a huge runed gate.
117920 | Dis:4    | Found a huge runed gate.
117920 | Dis:4    | Found a huge runed gate.
117920 | Dis:4    | Found a huge runed gate.
117920 | Dis:4    | Found a huge runed gate.
117920 | Dis:4    | Found a huge runed gate.
117920 | Dis:4    | Found a huge runed gate.
117921 | Dis:4    | Found a huge runed gate.
117922 | Dis:4    | Found a huge runed gate.
117936 | Dis:4    | Found a huge runed gate.
117936 | Dis:4    | Found a huge runed gate.
117936 | Dis:4    | Found a huge runed gate.
117936 | Dis:4    | Found a huge runed gate.
117936 | Dis:4    | Found a huge runed gate.
117936 | Dis:4    | Found a huge runed gate.
117936 | Dis:4    | Found a huge runed gate.
117937 | Dis:4    | Found a huge runed gate.
117938 | Dis:4    | Found a huge runed gate.
117939 | Dis:4    | Found a huge runed gate.
117947 | Dis:4    | Found a huge runed gate.
117947 | Dis:4    | Found a huge runed gate.
119502 | Dis:7    | Entered Level 7 of the Iron City of Dis
120486 | Dis:7    | Gained mutation: You expend magic power (3 MP) to strengthen your wands. [a cacodemon]
120737 | Dis:7    | Identified Sif Muna's Reference Book on Heat
120984 | Dis:7    | Identified Cebraxko's Incunabulum of Twisted Creation
121003 | Dis:7    | Noticed the Serpent of Hell
121022 | Dis:7    | Killed the Serpent of Hell
121032 | Dis:7    | Killed from afar by a Hell Sentinel

Skill      XL: |  1  2  3  4  5  6  7  8  9 10 11 12 13 14 15 16 17 18 19 20 21 22 23 24 25 26 27 |
---------------+----------------------------------------------------------------------------------+-----
Long Blades    | 3 4 5 7 9 11 13 16 20 25 27 | 27.0
Invocations    | 9 27 | 27.0
Fighting       | 11 14 16 18 20 21 23 24 25 27 | 27.0
Armour         | 5 10 13 15 18 19 21 23 24 25 27 | 27.0
Shields        | 11 18 22 26 27 | 27.0
Dodging        | 27 | 27.0
Translocations | 23 | 23.6

Action                   |  1- 3 |  4- 6 |  7- 9 | 10-12 | 13-15 | 16-18 | 19-21 | 22-24 | 25-27 || total
-------------------------+-------+-------+-------+-------+-------+-------+-------+-------+-------++-------
Melee: Long sword        |    81 |   139 |   277 |   409 |       |       |       |       |       ||   906
       Headbutt          |    17 |    24 |    69 |   176 |   381 |   339 |   595 |   734 |  3708 ||  6043
       Unarmed           |       |       |    11 |       |       |       |       |       |       ||    11
       Scimitar          |       |       |       |   320 |   909 |       |  1709 |  2226 | 10051 || 15215
       Hand axe          |       |       |       |       |    41 |       |       |       |       ||    41
       Double sword      |       |       |       |       |   220 |   966 |    58 |       |       ||  1244
       Katana            |       |       |       |       |       |       |   214 |       |       ||   214
Invok: Heroism           |       |       |       |     2 |     9 |    16 |    19 |    19 |     7 ||    72
       Finesse           |       |       |       |     1 |     4 |     4 |     9 |     7 |     6 ||    31
       Divine Shield     |       |       |       |       |       |       |       |       |    53 ||    53
       Cleansing Flame   |       |       |       |       |       |       |       |       |     3 ||     3
       Summon Divine War |       |       |       |       |       |       |       |       |    21 ||    21
Evoke: Wand              |       |       |       |       |       |       |       |       |    31 ||    31
  Use: Potion            |     3 |     2 |       |     1 |     4 |     6 |    10 |     3 |    39 ||    68
       Scroll            |     2 |     4 |    12 |     4 |    20 |     3 |    15 |    25 |    42 ||   127
 Stab: Distracted        |       |       |       |       |       |       |       |       |     4 ||     4
  Eat: Chunk             |     1 |     5 |    15 |    18 |    34 |    18 |    32 |    21 |    51 ||   195
       Fruit             |       |       |       |     2 |     2 |       |    18 |    20 |     6 ||    48
       Pizza             |       |       |       |     1 |     1 |     1 |     2 |     2 |     5 ||    12
       Royal jelly       |       |       |       |       |     1 |     4 |     4 |       |     2 ||    11
       Bread ration      |       |       |       |       |       |       |       |     1 |       ||     1
       Meat ration       |       |       |       |       |       |       |       |       |    27 ||    27
       Beef jerky        |       |       |       |       |       |       |       |       |    15 ||    15
Armor: Scale mail        |    25 |    47 |    33 |       |       |       |       |       |       ||   105
       Leather armour    |       |       |    51 |     4 |       |       |       |       |       ||    55
       Plate armour      |       |       |       |   385 |   821 |   601 |  1875 |   876 |       ||  4558
       Crystal plate arm |       |       |       |       |       |       |       |   255 |  5058 ||  5313
Dodge: Dodged            |    22 |    30 |    58 |    99 |   366 |   187 |   556 |   480 |  3312 ||  5110
Block: Shield            |    30 |    59 |    97 |   213 |    17 |   528 |  1374 |  1806 |  9675 || 13799
       Buckler           |       |       |       |    27 |   278 |       |       |       |       ||   305
       Rpst.: Long sword |     6 |     6 |    13 |    13 |       |       |       |       |       ||    38
       Scimitar          |       |       |       |    10 |    58 |       |    71 |   106 |   596 ||   841
       Double sword      |       |       |       |       |    15 |    36 |     3 |       |       ||    54
       Katana            |       |       |       |       |       |       |     7 |       |       ||     7
